PCL
MILE HIGH BRONCOS @ ALBUQUERQUE ISOTOPES
04/30/2023
 
TOP OF THE 1ST
Mile High Broncos batting - Pitching for Albuquerque Isotopes : RHP Teruo Sato
Pitching: RHP Teruo Sato
Batting: RHB Michael MacDonald 0-0: SINGLE (Line Drive, 6MD)
Batting: RHB Damian Yates 0-0: Ball
Michael MacDonald steals 2nd base
1-0: Foul Ball, location: 2F
1-1: Ball
2-1: Ball
3-1: Called Strike
3-2: Ground out 6-3 (Groundball, 6M)
Michael MacDonald to third
Batting: RHB Phil White 0-0: Called Strike
0-1: Called Strike
0-2: Foul Ball, location: 2F
0-2: Strikes out swinging
Batting: LHB Diego González 0-0: Called Strike
0-1: Ball
1-1: Ball
2-1: Ball
3-1: Called Strike
3-2: Strikes out swinging
Top of the 1st over - 0 run(s), 1 hit(s), 0 error(s), 1 left on base; Mile High 0 - Albuquerque 0
BOTTOM OF THE 1ST
Albuquerque Isotopes batting - Pitching for Mile High Broncos : RHP John Burris
Pitching: RHP John Burris
Batting: RHB José Bautista 0-0: Foul Ball, location: 2F
0-1: Ground out 4-3 (Groundball, 34S)
Batting: RHB Chris Terry 0-0: Ball
1-0: Fly out, F3 (Popup, 3S)
Batting: LHB Manny Mejía 0-0: Foul Ball, location: 2F
0-1: SINGLE (Groundball, 4MD)
Batting: RHB Sze Qi 0-0: SINGLE (Groundball, 6)
Manny Mejía to second
Batting: RHB Edward Young 0-0: Ball
1-0: Called Strike
1-1: Ground out 6-3 (Groundball, 6)
Bottom of the 1st over - 0 run(s), 2 hit(s), 0 error(s), 2 left on base; Mile High 0 - Albuquerque 0
TOP OF THE 2ND
Mile High Broncos batting - Pitching for Albuquerque Isotopes : RHP Teruo Sato
Batting: RHB Juan Jose Guevana 0-0: Ball
1-0: Foul Ball, location: 2F
1-1: Foul Ball, location: 2F
1-2: SINGLE (Groundball, 56)
Batting: RHB António Martínez 0-0: Called Strike
0-1: SINGLE (Groundball, 56)
Juan Jose Guevana to second
Batting: SHB Tom Stevens 0-0: Ball
1-0: Ball
2-0: Fly out, F6 (Popup, 5DF)
Batting: RHB Juan Gonzáles 0-0: Called Strike
0-1: Called Strike
0-2: Ball
1-2: Ball
2-2: Ball
3-2: Base on Balls
Juan Jose Guevana to third
António Martínez to second
Batting: RHB Ximena Campos 0-0: Ball
1-0: Foul Ball, location: 2F
1-1: Called Strike
1-2: Grounds into double play, 6-4-3 (Groundball, 56)
Top of the 2nd over - 0 run(s), 2 hit(s), 0 error(s), 2 left on base; Mile High 0 - Albuquerque 0
BOTTOM OF THE 2ND
Albuquerque Isotopes batting - Pitching for Mile High Broncos : RHP John Burris
Batting: LHB A.J. Major 0-0: Swinging Strike
0-1: SINGLE (Line Drive, 7LS)
Batting: LHB Pedro Vega 0-0: Ball
1-0: Ball
2-0: Ball
3-0: Called Strike
3-1: Base on Balls
A.J. Major to second
Batting: SHB José Sosa 0-0: Fly out, F9 (Flyball, 89M)
Batting: RHB Luis Martínez 0-0: Foul Ball, location: 2F
0-1: Ball
1-1: Called Strike
1-2: Ball
2-2: Ground out 5-3 (Groundball, 56S)
A.J. Major to third
Pedro Vega to second
Batting: RHB José Bautista 0-0: Called Strike
0-1: Swinging Strike
0-2: Strikes out swinging
Bottom of the 2nd over - 0 run(s), 1 hit(s), 0 error(s), 2 left on base; Mile High 0 - Albuquerque 0
TOP OF THE 3RD
Mile High Broncos batting - Pitching for Albuquerque Isotopes : RHP Teruo Sato
Batting: RHB Michael MacDonald 0-0: Ground out 6-3 (Groundball, 6)
Batting: RHB Damian Yates 0-0: Ball
1-0: Ball
2-0: Ball
3-0: Base on Balls
Batting: RHB Phil White 0-0: Foul Ball, location: 2F
0-1: Swinging Strike
0-2: Ball
Damian Yates steals 2nd base
1-2: Ball
2-2: Ball
3-2: Foul Ball, location: 2F
3-2: Strikes out swinging
Batting: LHB Diego González 0-0: Called Strike
0-1: Ball
1-1: Called Strike
1-2: Strikes out swinging
Top of the 3rd over - 0 run(s), 0 hit(s), 0 error(s), 1 left on base; Mile High 0 - Albuquerque 0
BOTTOM OF THE 3RD
Albuquerque Isotopes batting - Pitching for Mile High Broncos : RHP John Burris
Batting: RHB Chris Terry 0-0: Ball
1-0: Ball
2-0: Fly out, F8 (Flyball, 8RM)
Batting: LHB Manny Mejía 0-0: Ground out 4-3 (Groundball, 4)
Batting: RHB Sze Qi 0-0: Ball
1-0: Called Strike
1-1: Ball
2-1: Called Strike
2-2: Strikes out looking
Bottom of the 3rd over - 0 run(s), 0 hit(s), 0 error(s), 0 left on base; Mile High 0 - Albuquerque 0
TOP OF THE 4TH
Mile High Broncos batting - Pitching for Albuquerque Isotopes : RHP Teruo Sato
Batting: RHB Juan Jose Guevana 0-0: Ball
1-0: Swinging Strike
1-1: Ball
2-1: Ball
3-1: Ground out 6-3 (Groundball, 6)
Batting: RHB António Martínez 0-0: Ball
1-0: Ball
2-0: Ball
3-0: Base on Balls
Batting: SHB Tom Stevens 0-0: Swinging Strike
0-1: Ground out 3-1 (Groundball, 34)
António Martínez to second
Batting: RHB Juan Gonzáles 0-0: Ball
1-0: Foul Ball, location: 2F
1-1: Called Strike
1-2: Strikes out swinging
Top of the 4th over - 0 run(s), 0 hit(s), 0 error(s), 1 left on base; Mile High 0 - Albuquerque 0
BOTTOM OF THE 4TH
Albuquerque Isotopes batting - Pitching for Mile High Broncos : RHP John Burris
Batting: RHB Edward Young 0-0: Swinging Strike
0-1: Ground out 5-3 (Groundball, 56S)
Batting: LHB A.J. Major 0-0: Ground out 1-3 (Groundball, 13S)
Batting: LHB Pedro Vega 0-0: Swinging Strike
0-1: Swinging Strike
0-2: Ball
1-2: Strikes out swinging
Bottom of the 4th over - 0 run(s), 0 hit(s), 0 error(s), 0 left on base; Mile High 0 - Albuquerque 0
TOP OF THE 5TH
Mile High Broncos batting - Pitching for Albuquerque Isotopes : RHP Teruo Sato
Batting: RHB Ximena Campos 0-0: Ground out U3 (Groundball, 3)
Batting: RHB Michael MacDonald 0-0: Called Strike
0-1: Foul Ball, location: 2F
0-2: Ball
1-2: Strikes out swinging
Batting: RHB Damian Yates 0-0: Ball
1-0: Foul Ball, location: 2F
1-1: Ball
2-1: Swinging Strike
2-2: Ground out 6-3 (Groundball, 6)
Top of the 5th over - 0 run(s), 0 hit(s), 0 error(s), 0 left on base; Mile High 0 - Albuquerque 0
BOTTOM OF THE 5TH
Albuquerque Isotopes batting - Pitching for Mile High Broncos : RHP John Burris
Batting: SHB José Sosa 0-0: Ball
1-0: Foul Ball, location: 2F
1-1: Ball
2-1: Foul Ball, location: 2F
2-2: Strikes out swinging
Batting: RHB Luis Martínez 0-0: Ball
1-0: Called Strike
1-1: Ball
2-1: Foul Ball, location: 2F
2-2: Ball
3-2: Strikes out swinging
Batting: RHB José Bautista 0-0: Ball
1-0: DOUBLE (Flyball, 9LM)
Batting: RHB Chris Terry 0-0: Ball
1-0: Called Strike
1-1: Ball
2-1: Called Strike
2-2: Foul Ball, location: 2F
2-2: Ball
3-2: Foul Ball, location: 2F
3-2: Base on Balls
Batting: LHB Manny Mejía 0-0: Swinging Strike
0-1: Ball
1-1: Ball
2-1: SINGLE (Groundball, 4MD)
José Bautista to third
Chris Terry to second
Runner from 3rd tries for Home, SAFE, no throw or cutoff
Batting: RHB Sze Qi 0-0: Swinging Strike
0-1: Swinging Strike
0-2: Ball
1-2: Foul Ball, location: 2F
1-2: Strikes out swinging
Bottom of the 5th over - 1 run(s), 2 hit(s), 0 error(s), 2 left on base; Mile High 0 - Albuquerque 1
TOP OF THE 6TH
Mile High Broncos batting - Pitching for Albuquerque Isotopes : RHP Teruo Sato
Batting: RHB Phil White 0-0: SINGLE (Groundball, 4MD)
Batting: LHB Diego González 0-0: Called Strike
0-1: Ball
1-1: Foul Ball, location: 2F
1-2: Ground out 5-3 (Groundball, 5S)
Phil White to second
Batting: RHB Juan Jose Guevana 0-0: Ground out 4-3 (Groundball, 4)
Phil White to third
Batting: RHB António Martínez 0-0: Called Strike
0-1: Ball
1-1: SINGLE (Line Drive, 89S)
Phil White scores
Pitching: RHP Manny Muñóz
Batting: SHB Tom Stevens 0-0: Foul Ball, location: 2F
0-1: Fly out, F8 (Flyball, 8LM)
Top of the 6th over - 1 run(s), 2 hit(s), 0 error(s), 1 left on base; Mile High 1 - Albuquerque 1
BOTTOM OF THE 6TH
Albuquerque Isotopes batting - Pitching for Mile High Broncos : RHP John Burris
Batting: RHB Edward Young 0-0: Foul Ball, location: 2F
0-1: Foul Ball, location: 2F
0-2: Ball
1-2: Ground out 5-3 (Groundball, 56)
Batting: LHB A.J. Major 0-0: Ball
1-0: Foul Ball, location: 2F
1-1: Ground out 3-1 (Groundball, 34S)
Batting: LHB Pedro Vega 0-0: Called Strike
0-1: Swinging Strike
0-2: Ball
1-2: Ground out 4-3 (Groundball, 4)
Bottom of the 6th over - 0 run(s), 0 hit(s), 0 error(s), 0 left on base; Mile High 1 - Albuquerque 1
TOP OF THE 7TH
Mile High Broncos batting - Pitching for Albuquerque Isotopes : RHP Manny Muñóz
Pinch Hitting: LHB Bill Houston 0-0: Called Strike
0-1: Ball
1-1: Called Strike
1-2: Foul Ball, location: 2F
1-2: Ball
2-2: Strikes out swinging
Batting: RHB Ximena Campos 0-0: Ball
1-0: Called Strike
1-1: Ground out 2-3 (Groundball, 23)
Pinch Hitting: RHB José Herrera 0-0: Foul Ball, location: 2F
0-1: Foul Ball, location: 2F
0-2: Ball
1-2: Ball
2-2: Foul Ball, location: 2F
2-2: Strikes out looking
Top of the 7th over - 0 run(s), 0 hit(s), 0 error(s), 0 left on base; Mile High 1 - Albuquerque 1
BOTTOM OF THE 7TH
Albuquerque Isotopes batting - Pitching for Mile High Broncos : RHP John Burris
Now at 2B: Juan Vásquez
Now at SS: Vincente Ventura
Batting: SHB José Sosa 0-0: Ball
1-0: Ball
2-0: Ball
3-0: Base on Balls
Batting: RHB Luis Martínez 0-0: Sac Bunt - play at first, batter OUT! 1-4
José Sosa to second
Batting: RHB José Bautista 0-0: Called Strike
0-1: Fly out, F8 (Flyball, 8RM)
Pinch Hitting: LHB Mark Vestal 0-0: Foul Ball, location: 2F
0-1: Swinging Strike
0-2: Strikes out swinging
Bottom of the 7th over - 0 run(s), 0 hit(s), 0 error(s), 1 left on base; Mile High 1 - Albuquerque 1
TOP OF THE 8TH
Mile High Broncos batting - Pitching for Albuquerque Isotopes : RHP Manny Muñóz
Now in LF: Mark Vestal
Batting: RHB Damian Yates 0-0: Ball
1-0: Foul Ball, location: 2F
1-1: SINGLE (Groundball, 15) (infield hit)
Batting: RHB Phil White 0-0: Swinging Strike
0-1: Foul Ball, location: 2F
0-2: Foul Ball, location: 2F
0-2: Ball
1-2: Ball
2-2: Ball
Wild Pitch!
Damian Yates to second
3-2: Ground out 6-3 (Groundball, 6S)
Damian Yates to third
Batting: LHB Diego González 0-0: Called Strike
0-1: Foul Ball, location: 2F
0-2: Ball
1-2: Foul Ball, location: 2F
1-2: DOUBLE (Line Drive, 5D)
Damian Yates scores
Batting: RHB Juan Jose Guevana 0-0: Ball
1-0: Called Strike
1-1: Foul Ball, location: 2F
1-2: Ball
2-2: Ball
3-2: Strikes out swinging
Batting: RHB António Martínez 0-0: Foul Ball, location: 2F
0-1: Called Strike
0-2: Strikes out looking
Top of the 8th over - 1 run(s), 2 hit(s), 0 error(s), 1 left on base; Mile High 2 - Albuquerque 1
BOTTOM OF THE 8TH
Albuquerque Isotopes batting - Pitching for Mile High Broncos : RHP John Burris
Batting: LHB Manny Mejía 0-0: Ball
1-0: Ball
2-0: Called Strike
2-1: Called Strike
2-2: DOUBLE (Line Drive, 7LS)
Pitching: RHP Yong-taek Yi
Batting: RHB Sze Qi 0-0: Foul Ball, location: 2F
0-1: Called Strike
0-2: Strikes out looking
Pitching: RHP Dave Powers
Batting: RHB Edward Young 0-0: Ball
1-0: Foul Ball, location: 2F
1-1: Ground out 1-3 (Groundball, 15)
Pitching: LHP Mark Stewart
Batting: LHB A.J. Major 0-0: Ground out 1-3 (Groundball, 25)
Bottom of the 8th over - 0 run(s), 1 hit(s), 0 error(s), 1 left on base; Mile High 2 - Albuquerque 1
TOP OF THE 9TH
Mile High Broncos batting - Pitching for Albuquerque Isotopes : RHP Manny Muñóz
Batting: SHB Tom Stevens 0-0: Foul Ball, location: 2F
0-1: Ball
1-1: Ball
2-1: Foul Ball, location: 2F
2-2: DOUBLE (Line Drive, 8LD)
Pitching: RHP Arthur Smith
Batting: RHB Juan Vásquez 0-0: Called Strike
0-1: Ball
1-1: Called Strike
1-2: Foul Ball, location: 2F
1-2: Strikes out swinging
Batting: RHB Ximena Campos 0-0: Intentional Walk
Batting: RHB Vincente Ventura 0-0: Fielders Choice at 2nd, 5-4 (Groundball, 56)
Tom Stevens to third
Batting: RHB Damian Yates 0-0: Called Strike
0-1: Called Strike
0-2: Ball
1-2: Strikes out swinging
Top of the 9th over - 0 run(s), 1 hit(s), 0 error(s), 2 left on base; Mile High 2 - Albuquerque 1
BOTTOM OF THE 9TH
Albuquerque Isotopes batting - Pitching for Mile High Broncos : LHP Mark Stewart
Pitching: LHP Jorge García
Pinch Hitting: SHB Chris Atkinson 0-0: DOUBLE (Line Drive, 5D)
Batting: SHB José Sosa 0-0: Called Strike
0-1: Ball
1-1: Ball
2-1: Fly out, F7 (Flyball, 78M)
Batting: RHB Luis Martínez 0-0: SINGLE (Line Drive, 9S)
Chris Atkinson to third
Runner from 3rd tries for Home, SAFE, throw made home
Luis Martínez to second
Batting: RHB José Bautista 0-0: Ground out U3 (Groundball, 3)
Luis Martínez to third
Pinch Hitting: RHB Juan Alberto 0-0: Called Strike
0-1: Ball
1-1: Swinging Strike
1-2: Foul Ball, location: 2F
1-2: Foul Ball, location: 2F
1-2: Ball
2-2: Fly out, F4 (Popup, 9S)
Bottom of the 9th over - 1 run(s), 2 hit(s), 0 error(s), 1 left on base; Mile High 2 - Albuquerque 2
TOP OF THE 10TH
Mile High Broncos batting - Pitching for Albuquerque Isotopes : RHP Arthur Smith
Pitching: LHP Dave Rice
Now at 3B: Juan Alberto
Now in LF: Simone Perreo
Batting: RHB Phil White 0-0: Ground out 4-3 (Groundball, 4M)
Pinch Hitting: RHB Su-kweon Yu 0-0: Ball
1-0: Ground out 4-3 (Groundball, 4)
Batting: RHB Juan Jose Guevana 0-0: Foul Ball, location: 2F
0-1: Ball
1-1: Ball
2-1: Ball
3-1: Swinging Strike
3-2: Base on Balls
Batting: RHB António Martínez 0-0: Ball
1-0: Ball
2-0: Called Strike
2-1: Swinging Strike
2-2: Ball
3-2: Foul Ball, location: 2F
3-2: SINGLE (Line Drive, 4D)
Juan Jose Guevana to second
Juan Jose Guevana to third
Batting: SHB Tom Stevens 0-0: Ground out 6-3 (Groundball, 6)
Top of the 10th over - 0 run(s), 1 hit(s), 0 error(s), 2 left on base; Mile High 2 - Albuquerque 2
BOTTOM OF THE 10TH
Albuquerque Isotopes batting - Pitching for Mile High Broncos : LHP Jorge García
Now in RF: Su-kweon Yu
Pinch Hitting: RHB Adrián García 0-0: Ball
1-0: Foul Ball, location: 2F
1-1: Swinging Strike
1-2: Foul Ball, location: 2F
1-2: Ball
2-2: Foul Ball, location: 2F
2-2: Ground out 5-3 (Groundball, 15S)
Batting: RHB Sze Qi 0-0: Fly out, F8 (Flyball, 8RXD)
Batting: RHB Edward Young 0-0: Called Strike
0-1: Foul Ball, location: 2F
0-2: Ground out 5-3 (Groundball, 5)
Bottom of the 10th over - 0 run(s), 0 hit(s), 0 error(s), 0 left on base; Mile High 2 - Albuquerque 2
TOP OF THE 11TH
Mile High Broncos batting - Pitching for Albuquerque Isotopes : LHP Dave Rice
Now in RF: Tony McLaughlin
Batting: RHB Juan Vásquez 0-0: Called Strike
0-1: Ball
1-1: Called Strike
1-2: Ball
2-2: Strikes out swinging
Batting: RHB Ximena Campos 0-0: Called Strike
0-1: Ball
1-1: Ball
2-1: Foul Ball, location: 2F
2-2: Ball
3-2: Base on Balls
Batting: RHB Vincente Ventura 0-0: Ball
1-0: Fly out, F7 (Flyball, 78S)
Batting: RHB Damian Yates 0-0: Ball
1-0: 2-RUN HOME RUN (Flyball, 7LD), Distance : 378 ft
Pitching: LHP Cris Quezada
Batting: RHB Phil White 0-0: Ball
1-0: Foul Ball, location: 2F
1-1: Ball
2-1: Fly out, F8 (Flyball, 8RD)
Top of the 11th over - 2 run(s), 1 hit(s), 0 error(s), 0 left on base; Mile High 4 - Albuquerque 2
BOTTOM OF THE 11TH
Albuquerque Isotopes batting - Pitching for Mile High Broncos : LHP Jorge García
Pitching: RHP Myoung-chul Im
Batting: LHB A.J. Major 0-0: Ball
1-0: Called Strike
1-1: Ball
2-1: Swinging Strike
2-2: Ball
3-2: Foul Ball, location: 2F
3-2: Fly out, F7 (Flyball, 78XD)
Batting: LHB Simone Perreo 0-0: Ball
1-0: Called Strike
1-1: Ball
2-1: Ball
3-1: Called Strike
3-2: SINGLE (Flyball, 7S)
Batting: SHB José Sosa 0-0: Grounds into double play, 4-6-3 (Groundball, 4)
Bottom of the 11th over - 0 run(s), 1 hit(s), 0 error(s), 0 left on base; Mile High 4 - Albuquerque 2
This league is powered by Out of the Park Baseball, the baseball management simulation game for PC, Mac and Linux
Wednesday, December 2nd, 2015 - OOTP Baseball 16.8 Build 38